 Dungeon Crawl Stone Soup version 0.27.1-1-g398f81649c (webtiles) character file.

Game seed: 18009031242210916335

14 acemry the Insei (level 2, -2/18 HPs)
             Began as an Octopode Transmuter on Sept 7, 2021.
             Slain by a rat (3 damage)
             ... on level 1 of the Dungeon.
             The game lasted 00:00:29 (69 turns).

acemry the Insei (Octopode Transmuter)                Turns: 69, Time: 00:00:29

Health: -2/18      AC:  1    Str:  9    XL:     2   Next: 45%
Magic:  4/5        EV: 13    Int: 15    God:
Gold:   0          SH:  0    Dex: 12    Spells: 4/5 levels left

rFire    . . .     SeeInvis .     - Unarmed
rCold    . . .     Faith    .   (no shield)
rNeg     . . .     Spirit   .   (helmet restricted)
rPois    .         Reflect  .   (no amulet)
rElec    .         Harm     .   (no ring)
rCorr    .         Rampage  .   (no ring)
Will     .....                  (no ring)
Stlth    ++........             (no ring)
HPRegen  0.06/turn              (no ring)
MPRegen  0.09/turn              (no ring)
                                (no ring)
                                (no ring)

@: no status effects
A: almost no armour, amphibious, 8 rings, camouflage 1, gelatinous body 1,
(nimble swimmer 1), tentacles
a: no special abilities


You were on level 1 of the Dungeon.
You visited 1 branch of the dungeon, and saw 1 of its levels.

Inventory:

Scrolls
 a - a scroll of noise {unknown}
Potions
 b - a potion of haste {unknown}


   Skills:
 - Level 1.0 Fighting
 - Level 2.0 Dodging
 - Level 3.0 Unarmed Combat
 - Level 2.0 Spellcasting
 + Level 2.4 Transmutations
 * Level 1.9 Poison Magic


You had 4 spell levels left.
You knew the following spells:

 Your Spells              Type           Power      Damage    Failure   Level
a - Beastly Appendage     Tmut           16%        N/A       9%          1

Your spell library contained the following spells:

 Spells                   Type           Power      Damage    Failure   Level
 Wereblood                Tmut           8%         N/A       12%         2
 Spider Form              Tmut/Pois      4%         N/A       26%         3
 Ice Form                 Ice/Tmut       5%         N/A       80%         4


Dungeon Overview and Level Annotations

Branches:
Dungeon (1/15)

Altars:


Innate Abilities, Weirdness & Mutations

You cannot wear most types of armour.
You are amphibious.
You can wear up to eight rings at the same time.
Your skin changes colour to match your surroundings (Stealth+).
Your rubbery body absorbs attacks. (AC +1, EV +1)
((You are camouflaged near water. (Stealth+)))
You have tentacles for arms and can constrict up to eight enemies at once.


Message History

You kill the hobgoblin!
No target in view!
No target in view!
Your tentacle spike disappears.
HP restored.
A rat and a gnoll come into view.
The gnoll shouts!
You hear a shout!
There are monsters nearby!
There are monsters nearby!
One of your tentacles grows a vicious spike.
The gnoll hits you from afar with a +0 spear.
The gnoll misses you.
You tentacle-slap the gnoll. You grab the gnoll. You squeeze the gnoll!
The gnoll is severely wounded.
Your transformation is almost over.
You constrict the gnoll, but do no damage.
The gnoll hits you with a +0 spear!
Ouch! That really hurt!
* * * LOW HITPOINT WARNING * * *
A quokka comes into view.
You tentacle-slap the gnoll but do no damage.
You pierce the gnoll.
You kill the gnoll!
Your Poison Magic skill increases to level 1!
You have reached level 2!
A goblin comes into view. It is wielding a +0 club.
A rat comes into view.
The rat moves out of view.
You tentacle-slap the rat.
You kill the rat!
A kobold comes into view. It is wielding a +0 club.
Your tentacle spike disappears.
The rat bites you.
* * * LOW HITPOINT WARNING * * *
You barely miss the rat.
The kobold shouts!
Your grab misses the rat. The rat misses you.
A giant cockroach comes into view.
The rat bites you.
You die...

### #.## ###
##.#.#############
#...###.##..g..r@.......
....).....K####r.#..###.
....##.##.## ##.# .#
##..##.##.# #..# #
.r.....##.# B..#
.......##.## ..##
....##.##..# ###
...).....#. #.#####.###
#.


You could see a quokka, a giant cockroach, a goblin, a kobold and a rat.

Vanquished Creatures
  A gnoll (D:1)
  A bat (D:1)
  A hobgoblin (D:1)
  2 rats (D:1)
5 creatures vanquished.

Notes
Turn   | Place    | Note
-------+----------+-------------------------------------------
     0 | D:1      | acemry the Octopode Transmuter began the quest for the Orb.
     0 | D:1      | Reached XP level 1. HP: 13/13 MP: 3/3
    57 | D:1      | Reached skill level 1 in Poison Magic
    57 | D:1      | Reached XP level 2. HP: 3/18 MP: 3/5
    69 | D:1      | Slain by a rat

Illustrated notes

Levels and vault maps discovered:
D:1:      minmay_arrival_four_houses, layout_loops_ring,
          ebering_ecumenical_altar_box, minmay_close_crescents

Skill      XL: |  1 |
---------------+----+-----
Poison Magic   | 1 |  1.9
Fighting       | |  1.0
Dodging        | |  2.0
Unarmed Combat | |  3.0
Spellcasting   | |  2.0
Transmutations | |  2.4

Action                   || total
-------------------------++-------
Melee: Unarmed           ||     8
       Constrict         ||     2
       Kick              ||     2
       Tentacles         ||     2
 Cast: Beastly Appendage ||     3
Armor: Skin              ||     1
Dodge: Dodged            ||     5
